 Dungeon Crawl Stone Soup version 0.29-a0-1023-g6ae1a4a2c7 (webtiles) character file.

Game seed: 17885381261911092637

141 2tc the Insei (level 5, -4/37 HPs)
             Began as a Merfolk Transmuter on Aug 11, 2022.
             Slain by a gnoll
             ... wielding a +0 halberd
              (9 damage)
             ... on level 3 of the Dungeon.
             The game lasted 00:06:40 (3364 turns).

2tc the Insei (Merfolk Transmuter)                  Turns: 3364, Time: 00:06:41

Health: -4/37      AC:  2    Str: 12    XL:     5   Next: 24%
Magic:  0/8        EV: 12    Int: 12    God:
Gold:   183        SH:  0    Dex: 15    Spells: 2/9 levels left

rFire   . . .      SeeInvis .     - Unarmed
rCold   . . .      Faith    .   (no shield)
rNeg    . . .      Spirit   +   a - +0 robe
rPois   .          Reflect  .   (helmet currently unavailable)
rElec   .          Harm     .   (no cloak)
rCorr   .          Rampage  .   (no gloves)
Will    .....                   (boots currently unavailable)
Stlth   +.........              f - amulet of guardian spirit
HPRegen 0.12/turn               (no ring)
MPRegen 0.11/turn               (no ring)

@: appendages (expiring)
A: horns 2, (nimble swimmer 2), mertail
a: End Transformation


You were on level 3 of the Dungeon.
You had temporarily grown beastly horns.
You visited 1 branch of the dungeon, and saw 3 of its levels.

You collected 183 gold pieces.

Inventory:

Armour
 a - a +0 robe (worn)
Jewellery
 f - an amulet of guardian spirit (around neck)
Scrolls
 b - a scroll of poison
 d - a scroll of noise
Potions
 c - a potion of invisibility {unknown}
 g - 2 potions of curing {unknown}
 h - a potion of brilliance {unknown}


   Skills:
 - Level 1.1 Fighting
 - Level 2.6 Dodging
 - Level 5.0 Unarmed Combat
 - Level 2.5 Spellcasting
 * Level 4.6 Transmutations
 + Level 0.7 Ice Magic


You had 2 spell levels left.
You knew the following spells:

 Your Spells              Type           Power      Damage    Failure   Level
a - Beastly Appendage     Tmut           24%        N/A       3%          1
b - Wereblood             Tmut           12%        N/A       6%          2
c - Ice Form              Ice/Tmut       7%         N/A       65%         4

Your spell library contained the following spells:

 Spells                   Type           Power      Damage    Failure   Level
 Apportation              Tloc           2%         N/A       26%         1
 Spider Form              Tmut/Pois      7%         N/A       30%         3
 Alistair's Intoxication  Tmut/Pois      4%         N/A       95%         5


Dungeon Overview and Level Annotations

Branches:
Dungeon (3/15)

Altars:


Innate Abilities, Weirdness & Mutations

You have temporarily grown beastly horns.
((You are very nimble when in or above water. (Stealth+, EV+, Speed+++)))
Your lower body shifts to a powerful aquatic tail in water.


Message History

A gnoll comes into view. It is wielding a +0 halberd.
The gnoll shouts!
You hear a shout!
You see here a +0 club.
There is a stone staircase leading up here.
You climb upwards.
There is a stone staircase leading down here.
You start resting.
HP restored.
Casting: Beastly Appendage (safe; 3% risk of failure)
Confirm with . or Enter, or press ? or * to list all spells.
You grow a pair of large bovine horns.
You climb downwards.
There is a stone staircase leading up here.
The gnoll hits you with a +0 halberd.
You hit the gnoll.
The gnoll is moderately wounded.
The gnoll hits you with a +0 halberd!
A gnoll comes into view. It is wielding a +0 flail.
You hit the gnoll but do no damage. You punch the gnoll.
The gnoll is heavily wounded.
You barely miss the gnoll.
The gnoll is heavily wounded.
The gnoll closely misses you.
You closely miss the gnoll.
The gnoll is heavily wounded.
A gnoll comes into view. It is wielding a +0 flail.
The gnoll hits you with a +0 halberd!
The gnoll shouts!
You hit the gnoll.
The gnoll is heavily wounded.
Your transformation is almost over.
The gnoll hits you with a +0 halberd!
* * * LOW HITPOINT WARNING * * *
You hit the gnoll but do no damage.
The gnoll is heavily wounded.
The gnoll closely misses you.
You closely miss the gnoll. Your headbutt misses the gnoll.
The gnoll is heavily wounded.
The gnoll hits you with a +0 halberd!
You die...

############
......>....<######
...#......@......#
....#.....g..####.##
..#.........)......#
#...#...g....####..##
............#......#
###...g...##.##...#
###.............#
#.###.######..# #.#
#.# #..#


You could see 3 gnolls.

Vanquished Creatures
  Terence (D:3)
  4 gnolls (D:2)
  An adder (D:3)
  2 worms (D:2)
  2 dart slugs (D:2)
  3 endoplasms (D:2)
  13 giant cockroaches
  5 goblins
  4 hobgoblins
  3 jackals (D:1)
  5 kobolds
  2 quokkas
  3 ball pythons
  2 bats
  2 rats (D:1)
52 creatures vanquished.

Notes
Turn   | Place    | Note
-------+----------+-------------------------------------------
     0 | D:1      | 2tc the Merfolk Transmuter began the quest for the Orb.
     0 | D:1      | Reached XP level 1. HP: 15/15 MP: 3/3
   236 | D:1      | Reached XP level 2. HP: 3/21 MP: 5/5
  1065 | D:1      | Learned a level 2 spell: Wereblood
  1740 | D:2      | Reached XP level 3. HP: 24/26 MP: 2/6
  2181 | D:2      | Reached skill level 4 in Unarmed Combat
  2655 | D:2      | Reached XP level 4. HP: 32/32 MP: 3/7
  2962 | D:3      | Learned a level 4 spell: Ice Form
  3067 | D:3      | Noticed Terence
  3086 | D:3      | Killed Terence
  3087 | D:3      | Reached skill level 5 in Unarmed Combat
  3087 | D:3      | Reached XP level 5. HP: 7/37 MP: 1/8
  3364 | D:3      | Slain by a gnoll

Illustrated notes

Levels and vault maps discovered:
D:1:      ebering_trefoil_twist, layout_rooms
D:2:      minmay_roachtagon, layout_basic
D:3:      layout_loops_ring, mainiacjoe_overflow_alcove_4, uniq_terence

Skill      XL: |  1  2  3  4 |
---------------+-------------+-----
Transmutations | 3 4 |  4.6
Unarmed Combat | 4 5 |  5.0
Fighting       | |  1.1
Dodging        | |  2.6
Spellcasting   | |  2.5
Ice Magic      | |  0.7

Action                   |  1- 3 |  4- 6 || total
-------------------------+-------+-------++-------
Melee: Unarmed           |   134 |    48 ||   182
       Headbutt          |    19 |     6 ||    25
       Punch             |       |     1 ||     1
 Cast: Beastly Appendage |    19 |     4 ||    23
       Wereblood         |     2 |     1 ||     3
  Use: Scroll            |     4 |     1 ||     5
       Potion            |     2 |     2 ||     4
 Stab: Sleeping          |     1 |       ||     1
Armor: Robe              |    25 |     4 ||    29
       Skin              |     1 |       ||     1
Dodge: Dodged            |    69 |    18 ||    87

Table legend: (Time is in decaauts)
 A = Elapsed time spent in this place.
 B = Non-inter-level travel time spent in this place.
 C = Inter-level travel time spent in this place.
 D = Time resting spent in this place.
 E = Time spent auto-exploring this place.
 F = Levels seen in this place.
 G = Mean time per level.
                   A        B        C        D        E       F      G
               +--------+--------+--------+--------+--------+-----+--------+
         Total |   3369 |   3320 |     49 |    503 |   2361 |   3 | 1123.0 |
       Dungeon |   3369 |   3320 |     49 |    503 |   2361 |   3 | 1123.0 |
               +--------+--------+--------+--------+--------+-----+--------+

Top non-repeatable levels by time:
     D:1: 1613 daAuts
     D:2: 1477 daAuts
     D:3: 277 daAuts
